 Dungeon Crawl Stone Soup version 0.29-a0-414-g5075937ec3 (webtiles) character file.

Game seed: 4135306317234932471

163 jlumianski the Chopper (level 5, -1/41 HPs)
             Began as a Demonspawn Fighter on May 15, 2022.
             Succumbed to Crazy Yiuf's poison
             ... on level 2 of the Dungeon.
             The game lasted 00:05:37 (2439 turns).

jlumianski the Chopper (Demonspawn Fighter)         Turns: 2439, Time: 00:05:38

Health: -1/41      AC:  9    Str: 18    XL:     5   Next: 20%
Magic:  3/5        EV:  9    Int: 10    God:
Gold:   79         SH:  4    Dex: 12    Spells: 4/4 levels left

rFire   + . .      SeeInvis .   a - +0 war axe
rCold   . . .      Faith    .   c - +0 buckler
rNeg    . . .      Spirit   .   o - +0 chain mail
rPois   .          Reflect  .   (no helmet)
rElec   .          Harm     .   (no cloak)
rCorr   .          Rampage  .   (no gloves)
Will    .....                   (no boots)
Stlth   ..........              (no amulet)
HPRegen 0.13/turn               n - ring of protection from fire
MPRegen 0.09/turn               (no ring)

@: mighty, lethally poisoned (-1 -> -9), flying, hasted, very quick
A: hooves 1, repulsion field 1, powered by pain 2
a: no special abilities


You were on level 2 of the Dungeon.
You visited 1 branch of the dungeon, and saw 2 of its levels.

You collected 79 gold pieces.

Inventory:

Hand Weapons
 a - a +0 war axe (weapon)
 j - a +2 whip of pain
Missiles
 g - 60 stones (quivered)
 m - 2 atropa-tipped darts
Armour
 b - a +0 scale mail
 c - a +0 buckler (worn)
 o - a +0 chain mail (worn)
Jewellery
 n - a ring of protection from fire (left hand)
Scrolls
 e - a scroll of torment {unknown}
 i - 2 scrolls of vulnerability {unknown}
 p - a scroll of summoning {unknown}
 q - 3 scrolls of identify {unknown}
 s - a scroll of immolation {unknown}
Potions
 d - 2 potions of might
 h - a potion of curing {unknown}
 k - a potion of lignification {unknown}
 l - a potion of mutation {unknown}
 r - a potion of haste


   Skills:
 + Level 3.5 Fighting
 + Level 3.6 Axes
 + Level 3.3 Armour
 + Level 0.6 Dodging
 + Level 0.1 Stealth
 + Level 3.1 Shields


You had 4 spell levels left.
You didn't know any spells.
Your spell library contained the following spells:

 Spells                   Type           Power      Damage    Failure   Level
 Static Discharge         Conj/Air       0%         N/A       100%        2
 Dispel Undead            Necr           0%         3d6       100%        4
 Sticky Flame             Conj/Fire      0%         2d3       100%        4


Dungeon Overview and Level Annotations

Branches:
Dungeon (2/15)

Altars:


Innate Abilities, Weirdness & Mutations

You have large cloven feet.
You are surrounded by a mild repulsion field. (EV +2)
You sometimes gain power by taking damage.


Message History

There is an open door here.
Crazy Yiuf shouts!
Could not explore, unopened runed door.
You feel very mighty all of a sudden.
You open the door.
Crazy Yiuf cries, "Whiteboard!
Shadow meccalolo alas."
You slash Crazy Yiuf!
Crazy Yiuf is heavily wounded.
Crazy Yiuf hits you with a +3 quarterstaff of chaos.
You feel your power leaking away. Crazy Yiuf hits you but does no damage.
You are poisoned.
You barely miss Crazy Yiuf.
Crazy Yiuf is heavily wounded.
You feel very sick.
Crazy Yiuf hits you with a +3 quarterstaff of chaos!
You are lethally poisoned!
You closely miss Crazy Yiuf.
Crazy Yiuf is heavily wounded.
You feel extremely sick. Crazy Yiuf barely misses you.
You slash Crazy Yiuf!
Crazy Yiuf is almost dead.
* * * LOW HITPOINT WARNING * * *
You feel very sick. Crazy Yiuf barely misses you. x2
You slash Crazy Yiuf!
You kill Crazy Yiuf!
* * * LOW HITPOINT WARNING * * *
You feel very sick.
You have reached level 5!
Your demonic ancestry asserts itself...
Your feet thicken and deform.
It was a potion of flight.
You feel very buoyant.
You fly up into the air.
* * * LOW HITPOINT WARNING * * *
You feel sick.
It was a potion of haste.
You feel yourself speed up.
You die...

#.###
######....#
####.# #.#
#....# #.# #.#
♣.P..♣ #.# #.#
♣♣PP.♣ #>#
#.##########
♣♣.♣♣ #.#
#..........#
♣♣.♣ #####.#
############
♣.♣♣ #.....#
♣♣.♣ #######
♣@♣♣ #)# ...
#...# #)..#
#####
###############
......#.....#.#


There were no monsters in sight!

Vanquished Creatures
  A scorpion (D:1)
  Crazy Yiuf (D:2)
  3 adders (D:2)
  A dart slug (D:1)
  4 endoplasms
  5 goblins
  7 hobgoblins
  7 jackals (D:1)
  A quokka (D:2)
  5 ball pythons
  6 bats
  3 frilled lizards
  3 kobolds
  4 rats
51 creatures vanquished.

Notes
Turn   | Place    | Note
-------+----------+-------------------------------------------
     0 | D:1      | jlumianski the Demonspawn Fighter began the quest for the
                  | Orb.
     0 | D:1      | Reached XP level 1. HP: 18/18 MP: 1/1
    51 | D:2      | Noticed a scorpion
   128 | D:1      | Gained mutation: You are surrounded by a mild repulsion
                  | field. (EV +2) [demonic ancestry]
   128 | D:1      | Reached XP level 2. HP: 22/24 MP: 2/2
   556 | D:1      | Found a faded altar of an unknown god.
   575 | D:1      | Gained mutation: You sometimes gain a little power by
                  | taking damage. [demonic ancestry]
   575 | D:1      | Reached XP level 3. HP: 23/29 MP: 3/3
   843 | D:1      | Killed a scorpion
   844 | D:1      | Gained mutation: You sometimes gain power by taking damage.
                  | [demonic ancestry]
   844 | D:1      | Reached XP level 4. HP: 20/35 MP: 4/4
  2083 | D:2      | Found a runed translucent door.
  2084 | D:2      | Noticed Crazy Yiuf
  2437 | D:2      | Killed Crazy Yiuf
  2438 | D:2      | Gained mutation: You have large cloven feet. [demonic
                  | ancestry]
  2438 | D:2      | Reached XP level 5. HP: 3/41 MP: 3/5
  2438 | D:2      | HP: 1/41 [poisoned by Crazy Yiuf]
  2439 | D:2      | Succumbed to Crazy Yiuf's poison

Illustrated notes

Levels and vault maps discovered:
D:1:      dpeg_arrival_windows_large_door, layout_rooms,
          dreamdust_ecumenical_altar_statues
D:2:      layout_loops_corners, minmay_distorted, uniq_crazy_yiuf_cottage

Skill      XL: |  1  2  3  4 |
---------------+-------------+-----
Armour         | 3 |  3.3
Axes           | 2 3 |  3.6
Shields        | 3 |  3.1
Fighting       | |  3.5
Dodging        | |  0.6
Stealth        | |  0.1

Action                   |  1- 3 |  4- 6 || total
-------------------------+-------+-------++-------
Melee: War axe           |    83 |    89 ||   172
  Use: Potion            |       |     3 ||     3
Armor: Scale mail        |    51 |     1 ||    52
       Chain mail        |       |    47 ||    47
Dodge: Dodged            |    49 |    42 ||    91
Block: Buckler           |    27 |    30 ||    57

Table legend: (Time is in decaauts)
 A = Elapsed time spent in this place.
 B = Non-inter-level travel time spent in this place.
 C = Inter-level travel time spent in this place.
 D = Time resting spent in this place.
 E = Time spent auto-exploring this place.
 F = Levels seen in this place.
 G = Mean time per level.
                   A        B        C        D        E       F      G
               +--------+--------+--------+--------+--------+-----+--------+
         Total |   2511 |   2497 |     14 |    512 |   1260 |   2 | 1255.5 |
       Dungeon |   2511 |   2497 |     14 |    512 |   1260 |   2 | 1255.5 |
               +--------+--------+--------+--------+--------+-----+--------+

Top non-repeatable levels by time:
     D:2: 1577 daAuts
     D:1: 933 daAuts
